 Dungeon Crawl Stone Soup version 0.31-a0-157-g0643eb4156 (webtiles) character file.

Game seed: 7296324689236652462

82 qw the Shooter (level 4, -4/40 HPs)
             Began as a Naga Hunter on June 12, 2023.
             Shot with an arrow by a centaur (14 damage)
             ... on level 3 of the Dungeon.
             The game lasted 00:00:26 (1032 turns).

qw the Shooter (Naga Hunter)                        Turns: 1032, Time: 00:00:27

Health: -4/40      AC:  2    Str: 13    XL:     4   Next: 43%
Magic:  4/4        EV:  9    Int: 10    God:
Gold:   70         SH:  0    Dex: 16    Spells: 3/3 levels left

rFire   . . .        Y - +0 shortbow
rCold   . . .        (shield currently unavailable)
rNeg    . . .        c - +0 leather armour
rPois   +            (no helmet)
rElec   .            (no cloak)
rCorr   .            (no gloves)
SInv    +            (no barding)
Will    .....        (no amulet)
Stlth   ++           (no ring)
HPRegen 0.26/turn    (no ring)
MPRegen 0.09/turn

%: no passive effects
@: very slow
A: AC +1, large, see invisible, deformed body, poison resistance, slowness 2,
spit poison 1, naga tail 1
a: Spit Poison


You were on level 3 of the Dungeon.
You visited 1 branch of the dungeon, and saw 3 of its levels.

You collected 70 gold pieces.


Innate Abilities, Weirdness & Mutations

Your serpentine skin is tough. (AC +1)
You have supernaturally acute eyesight. (SInv)
Armour fits poorly on your strangely shaped body.
Your system is resistant to poisons. (rPois)
You cover ground very slowly.
You can spit poison.
You have a snake-like lower body.


   Skills:
 + Level 2.5 Fighting
 - Level 5.0 Ranged Weapons
 - Level 1.5 Dodging
 - Level 1.5 Stealth


You had 3 spell levels left.
You didn't know any spells.
Your spell library was empty.

Inventory:

Hand Weapons
 Y - a +0 shortbow (weapon)
Armour
 c - a +0 leather armour (worn)
Scrolls
 a - a scroll of noise {unknown}
Potions
 b - a potion of ambrosia {unknown}
 d - 3 potions of curing {unknown}
 e - a potion of lignification {unknown}

Dungeon Overview and Level Annotations

Branches:
Dungeon (3/15)

Altars:

Shops:
D:2 :

Annotations:
D:3 1 transporter


Message History

You start resting.
You have got your breath back.
A ball python is nearby!
936 ||| INVOKING Spit Poison.
Aiming: Spit Poison (1% risk of failure)
Press: ? - help, Shift-Dir - straight line, f/p - ball python The splash of poison misses the ball python.
The ball python bites you.
You shoot an arrow. The arrow hits the ball python!
You kill the ball python!
You start resting.
You have got your breath back.
HP restored.
Found a dagger.
Things that are here:
a ball python corpse; a worm corpse
Enter note:
Enter note:
Found 3 poisoned darts.
Enter note:
Enter note: You now have 70 gold pieces (gained 11).
a - a scroll labelled BEUMMU OXZECAU
Enter note:
Enter note:
d - 3 smoky brown potions (gained 1)
A centaur comes into view.
Enter note:
Enter note: You shoot an arrow.
The arrow hits the centaur!
The centaur shouts!
The centaur is moderately wounded.
The centaur wields a +0 orcbow.
The centaur shoots an arrow.
The arrow hits you!
You shoot an arrow. The arrow closely misses the centaur.
The centaur shoots an arrow.
The arrow hits you!
The centaur shoots an arrow.
The arrow hits you!
You shoot an arrow. The arrow hits the centaur.
The centaur is heavily wounded.
The centaur shoots an arrow.
The arrow hits you!
You die...

#...........
#####...........
#..............#
#....##...#...##
#....##########
#....# ## ##...##
... ###....#
....#.@....#
c........####
#...........##
.....###.##..##
###..# #.###..##
##..##.####..#####
...#.....#.....#
#(..............#
#................


You could see a centaur.

Vanquished Creatures
  Jessica (D:2)
  An adder (D:2)
  A worm (D:3)
  2 bats (D:1)
  4 endoplasms
  6 giant cockroaches
  7 goblins
  A hobgoblin (D:1)
  3 jackals (D:1)
  3 kobolds (D:1)
  6 ball pythons
  3 frilled lizards
  3 rats
41 creatures vanquished.

Notes
Turn   | Place    | Note
-------+----------+-------------------------------------------
     0 | D:1      | qw the Naga Hunter began the quest for the Orb.
     0 | D:1      | Reached XP level 1. HP: 19/19 MP: 1/1
     0 | D:1      | 0 ||| qw: Version: 0.2-a-29-gc1b59c4
     0 | D:1      | 0 ||| qw: Game counter: 4130
     0 | D:1      | 0 ||| qw: Always use a shield: true
     0 | D:1      | 0 ||| qw: God list: Okawaru
     0 | D:1      | 0 ||| qw: Allow faded altars: false
     0 | D:1      | 0 ||| qw: Do Orc after D:15 true
     0 | D:1      | 0 ||| qw: Do second Lair branch before Depths: true
     0 | D:1      | 0 ||| qw: Lair rune preference: random
     0 | D:1      | 0 ||| qw: Plans: Normal
     0 | D:1      | 0 ||| PLANNING D:1-11
    14 | D:1      | 14 ||| INVOKING Spit Poison.
    19 | D:1      | 19 ||| INVOKING Spit Poison.
    24 | D:1      | 24 ||| INVOKING Spit Poison.
    61 | D:1      | 61 ||| INVOKING Spit Poison.
    62 | D:1      | 62 ||| INVOKING Spit Poison.
    65 | D:1      | Reached skill level 4 in Ranged Weapons
    65 | D:1      | Reached XP level 2. HP: 26/26 MP: 2/2
    71 | D:1      | 71 ||| INVOKING Spit Poison.
    99 | D:1      | 99 ||| INVOKING Spit Poison.
   105 | D:1      | 105 ||| INVOKING Spit Poison.
   106 | D:1      | 106 ||| INVOKING Spit Poison.
   130 | D:1      | 130 ||| INVOKING Spit Poison.
   178 | D:1      | 178 ||| INVOKING Spit Poison.
   182 | D:1      | 182 ||| INVOKING Spit Poison.
   187 | D:1      | 187 ||| INVOKING Spit Poison.
   245 | D:1      | 245 ||| INVOKING Spit Poison.
   249 | D:1      | 249 ||| INVOKING Spit Poison.
   250 | D:1      | Reached XP level 3. HP: 32/32 MP: 3/3
   266 | D:1      | 266 ||| INVOKING Spit Poison.
   272 | D:1      | 272 ||| INVOKING Spit Poison.
   359 | D:1      | 359 ||| INVOKING Spit Poison.
   517 | D:1      | 517 ||| READING scroll labelled LALUZA ISEN.
   518 | D:1      | 518 ||| DROPPING scroll of butterflies.
   586 | D:2      | 586 ||| INVOKING Spit Poison.
   603 | D:2      | Noticed Jessica
   606 | D:2      | 606 ||| INVOKING Spit Poison.
   606 | D:2      | Killed Jessica
   607 | D:2      | Reached skill level 5 in Ranged Weapons
   607 | D:2      | Reached XP level 4. HP: 39/39 MP: 4/4
   619 | D:2      | 619 ||| INVOKING Spit Poison.
   722 | D:2      | 722 ||| INVOKING Spit Poison.
   737 | D:2      | Found Seuhimim's Book Emporium.
   832 | D:2      | 832 ||| READING scroll labelled AROALAORIAD.
   833 | D:2      | 833 ||| READING scroll labelled YRURUSICIK.
   851 | D:3      | 851 ||| INVOKING Spit Poison.
   884 | D:3      | 884 ||| INVOKING Spit Poison.
   895 | D:3      | 895 ||| INVOKING Spit Poison.
   920 | D:3      | Found a transporter.
   922 | D:3      | 922 ||| INVOKING Spit Poison.
   925 | D:3      | 925 ||| INVOKING Spit Poison.
   928 | D:3      | 928 ||| INVOKING Spit Poison.
   936 | D:3      | 936 ||| INVOKING Spit Poison.
  1029 | D:3      | Noticed a centaur
  1031 | D:3      | HP: 10/40 [centaur/arrow (10)]
  1032 | D:3      | Shot with an arrow by a centaur

Levels and vault maps discovered:
D:1:      saegor_arrival_simple_b, layout_basic
D:2:      layout_rooms, serial_shops, shop_fountains, uniq_jessica
D:3:      layout_rooms, minitemple, gammafunk_ghost_stat_death

Skill      XL: |  1  2  3 |
---------------+----------+-----
Ranged Weapons | 4 5 |  5.0
Fighting       | |  2.5
Dodging        | |  1.5
Stealth        | |  1.5

Action                     |  1- 3 |  4- 6 || total
---------------------------+-------+-------++-------
   Fire: Shortbow          |    51 |    24 ||    75
Ability: Spit Poison       |    18 |     9 ||    27
    Use: Scroll            |     1 |     2 ||     3
 Armour: Leather armour    |     8 |     4 ||    12
  Dodge: Dodged            |     9 |     2 ||    11

Table legend:
 A = Non-vault XP
 B = Vault XP
 C = Vault XP percentage of total XP
 D = Non-vault monster count
 E = Vault monster count
 F = Vault count percentage of total count
                 A         B        C        D         E       F
            +---------+---------+-------+---------+---------+-------
      Total |      81 |      37 |  31.4 |      40 |       1 |   2.4
            +---------+---------+-------+---------+---------+-------
        D:1 |      42 |       0 |   0.0 |      26 |       0 |   0.0
        D:2 |      23 |      37 |  61.7 |       7 |       1 |  12.5
        D:3 |      16 |       0 |   0.0 |       7 |       0 |   0.0
            +---------+---------+-------+---------+---------+-------
